 Dungeon Crawl Stone Soup version 0.13-a0-1536-gedae9ec (webtiles) character file.

571 Kae the Grave Robber (level 6, -2/41 HPs)
             Began as a Demonspawn Necromancer on June 9, 2013.
             Slain by Kae's ghost (4 damage)
             ... on Level 3 of the Dungeon.
             The game lasted 00:08:09 (4255 turns).

Kae the Grave Robber (Demonspawn Necromancer)       Turns: 4255, Time: 00:08:09

HP  -2/41        AC  5     Str 14      XL: 6   Next: 54%
MP  13/13        EV 17     Int 18      God:
Gold 172         SH  0     Dex 18      Spells:  5 memorised,  0 levels left

Res.Fire  : + . .   See Invis. : .   c - staff of poison
Res.Cold  : . . .   Warding    : .   a - +0 robe
Life Prot.: . . .   Conserve   : .   (no shield)
Res.Poison: +       Res.Corr.  : .   (no helmet)
Res.Elec. : .       Clarity    : .   (no cloak)
Sust.Abil.: . .     Spirit.Shd : .   (no gloves)
Res.Mut.  : .       Stasis     : .   (no boots)
Res.Rott. : .       Flight     : .   (no amulet)
Saprovore : . . .                    (no ring)
                                     (no ring)

@: invisible, confused, mighty, agile, very slightly contaminated, slowed, very
slow, slightly resistant to hostile enchantments, fairly stealthy
A: hooves 1, conserve scrolls, fire resistance 1, AC +3, SH +4
a: no special abilities


You were on level 3 of the Dungeon.
You were not hungry.

You visited 1 branch of the dungeon, and saw 3 of its levels.

You collected 152 gold pieces.

Inventory:

Hand weapons
 f - a +0,+0 dagger (quivered)
Armour
 a - a +0 robe (worn)
Comestibles
 i - 2 meat rations
 u - a bread ration
 w - 2 chunks of hobgoblin flesh
 x - a chunk of rat flesh
 A - a banana
Scrolls
 d - a scroll of noise {unknown}
 e - a scroll of random uselessness {unknown}
 g - a scroll of enchant armour {unknown}
 h - a scroll of fear {unknown}
 j - 2 scrolls of identify {unknown}
 k - 2 scrolls of curse armour {unknown}
 m - 2 scrolls of teleportation {unknown}
 o - a scroll of magic mapping {unknown}
 q - 2 scrolls of remove curse {unknown}
 r - a scroll of curse weapon {unknown}
Jewellery
 n - an uncursed ring of teleport control {unknown}
Books
 b - a book of Necromancy

   Spells                             Type                      Level
   *Pain                              Necromancy                   1
   *Animate Skeleton                  Necromancy                   1
   Lethal Infusion                    Charms/Necromancy            2
   *Vampiric Draining                 Necromancy                   3
   *Regeneration                      Charms/Necromancy            3
   *Animate Dead                      Necromancy                   4
   Control Undead                     Necromancy                   4
Magical staves
 c - an uncursed staff of poison (weapon)


   Skills:
 - Level 1.7 Dodging
 - Level 1.7 Stealth
 + Level 3.6 Spellcasting
 * Level 7.4 Necromancy


You couldn't memorise any spells.
You knew the following spells:

 Your Spells              Type           Power        Failure   Level  Hunger
a - Pain                  Necr           ####         1%          1    None
b - Animate Skeleton      Necr           N/A          1%          1    None
c - Vampiric Draining     Necr           ####......   2%          3    ###....
d - Animate Dead          Necr           N/A          10%         4    ####...
e - Regeneration          Chrm/Necr      ###.......   12%         3    ###....


Dungeon Overview and Level Annotations

Branches:
Dungeon (3/27)

Altars:
Ashenzari
Yredelemnul

Annotations
D:3 Kae's ghost, average SpEn


Innate Abilities, Weirdness & Mutations

You have large cloven feet.
You are mostly covered in large bone plates (AC +3, SH +4).
You are very good at protecting items from fire.
Your flesh is heat resistant.


Message History

Kae's ghost hits you but does no damage.
Drink which item? (? for menu, Esc to quit)
You fade into invisibility!
It was a potion of invisibility.
Kae's ghost barely misses you. Kae's ghost hits you.
* * * LOW HITPOINT WARNING * * *
Kae's ghost points at you and mumbles some strange words.
You are confused.
Kae's ghost barely misses you.
You are very lightly contaminated with residual magic.
Ouch! Kae's ghost hits you.
* * * LOW HITPOINT WARNING * * *
Kae's ghost hits you.
* * * LOW HITPOINT WARNING * * *
Unknown command.
You're too confused!
You miss Kae's ghost. Your kick misses Kae's ghost.
Kae's ghost is lightly damaged.
Kae's ghost hits you.
You die...

#)..#...............###..########
#...#...#####....##.###..#
#.......# #.#####..)#..#
#......... ..............#
##...########.##......##.# ......
...........###.# .######
#...#####.###.###
#...#####.......#
###....@..........######
...(.....p...............
...#........##...#..z... .
#.#####...##.##......
##.#####...##.##.....#
......................
##.######.###.########
...............# #
#...##....#####


You could see Kae's ghost.

Vanquished Creatures
  An ice beast (D:3)
  An ogre (D:3)
  A hound (D:3)
  An orc priest (D:3)
  2 orc wizards (D:3)
  2 adders (D:2)
  An inept feature mimic (D:2)
  3 worms
  An ooze (D:2)
  An orc (D:3)
  2 ball pythons (D:3)
  4 giant cockroaches
  3 goblins
  10 hobgoblins
  5 jackals
  4 kobolds
  10 bats
  3 giant geckos
  2 giant newts (D:1)
  8 rats
65 creatures vanquished.

Vanquished Creatures (collateral kills)
  A hobgoblin (D:1)
  A plant (D:2)
2 creatures vanquished.

Vanquished Creatures (others)
  A goblin (D:2)
  2 hobgoblin skeletons
  A rat skeleton (D:3)
4 creatures vanquished.

Grand Total: 71 creatures vanquished

Notes
Turn   | Place    | Note
--------------------------------------------------------------
     0 | D:1      | Kae, the Demonspawn Necromancer, began the quest for the Orb.
     0 | D:1      | Reached XP level 1. HP: 13/13 MP: 3/3
   666 | D:1      | Gained mutation: You are very good at protecting items from fire. [demonic ancestry]
   666 | D:1      | Reached XP level 2. HP: 16/19 MP: 1/4
   711 | D:1      | Learned a level 1 spell: Animate Skeleton
  1418 | D:2      | Reached skill level 5 in Necromancy
  1418 | D:2      | Gained mutation: You are partially covered in large bone plates (AC +2, SH +2). [demonic ancestry]
  1418 | D:2      | Reached XP level 3. HP: 13/24 MP: 1/6
  1714 | D:2      | Found a basalt altar of Yredelemnul.
  2411 | D:2      | Gained mutation: You are mostly covered in large bone plates (AC +3, SH +4). [demonic ancestry]
  2411 | D:2      | Reached XP level 4. HP: 8/30 MP: 1/8
  3008 | D:3      | Reached skill level 6 in Necromancy
  3031 | D:3      | Gained mutation: Your flesh is heat resistant. [demonic ancestry]
  3031 | D:3      | Reached XP level 5. HP: 3/35 MP: 1/10
  3037 | D:3      | Noticed Kae's ghost (average SpEn)
  3700 | D:3      | Noticed an ogre
  3703 | D:3      | Noticed an ice beast
  3720 | D:3      | Killed an ogre
  3843 | D:3      | Found a shattered altar of Ashenzari.
  3848 | D:3      | Saw a vision of the Shoals and the Spider Nest.
  3848 | D:3      | Noticed a merfolk
  3848 | D:3      | Noticed a hippogriff
  3848 | D:3      | Noticed a centaur
  3848 | D:3      | Noticed a redback
  3851 | D:3      | Noticed a redback
  3929 | D:3      | Killed an ice beast
  3929 | D:3      | Reached skill level 7 in Necromancy
  3929 | D:3      | Gained mutation: You have large cloven feet. [demonic ancestry]
  3929 | D:3      | Reached XP level 6. HP: 30/41 MP: 3/13
  4017 | D:3      | Learned a level 3 spell: Vampiric Draining
  4022 | D:3      | Learned a level 4 spell: Animate Dead
  4026 | D:3      | Learned a level 3 spell: Regeneration
  4254 | D:3      | HP: 1/41 [Kae's ghost (3)]
  4255 | D:3      | Slain by Kae's ghost

Action                   |  1- 3 |  4- 6 || total
-------------------------+-------+-------++-------
Melee: Dagger            |    23 |    12 ||    35
       Staff             |       |     5 ||     5
 Cast: Pain              |    65 |    89 ||   154
       Animate Skeleton  |     5 |     2 ||     7
  Use: Potion            |       |     7 ||     7
 Stab: Sleeping          |     1 |       ||     1
